 Dungeon Crawl Stone Soup version 0.30-a0-779-g7971cf19c3 (webtiles) character file.

Game seed: 12128410493033908808

949 themarg the Firebug (level 7, -1/56 HPs)
             Began as a Demonspawn Fire Elementalist on Feb 17, 2023.
             Slain by an adder (4 damage)
             ... on level 5 of the Dungeon.
             The game lasted 00:14:38 (6616 turns).

themarg the Firebug (Demonspawn Fire Elementalist)  Turns: 6616, Time: 00:14:39

Health: -1/56      AC:  5    Str:  9    XL:     7   Next: 89%
Magic:  0/11       EV: 12    Int: 18    God:
Gold:   159        SH:  0    Dex: 13    Spells: 9/12 levels left

rFire   . . .      SeeInvis .    c - +0 dagger
rCold   . . .      Faith    .    (no shield)
rNeg    . . .      Spirit   .    a - +0 robe
rPois   .          Reflect  .    (no helmet)
rElec   .          Harm     .    v - +0 cloak
rCorr   .          Rampage  .    (no gloves)
Will    .....                    (no boots)
Stlth   ++                       (no amulet)
HPRegen 0.29/turn                (no ring)
MPRegen 0.12/turn                (no ring)

@: about to teleport
A: slimy green scales 1, ignite blood 1, weakness stinger 1
a: no special abilities


You were on level 5 of the Dungeon.
You visited 1 branch of the dungeon, and saw 5 of its levels.

You collected 159 gold pieces.

Inventory:

Hand Weapons
 c - a +0 dagger (weapon)
Missiles
 f - a throwing net
 g - 6 poisoned darts
 i - 59 stones
 j - 5 javelins
 t - 3 curare-tipped darts
 w - 2 boomerangs
Armour
 a - a +0 robe (worn)
 v - a +0 cloak (worn)
 A - a +2 hat
Jewellery
 h - a ring of flight
 y - a ring of poison resistance
Wands
 o - a wand of iceblast (6)
Scrolls
 k - 2 scrolls of teleportation
 l - 2 scrolls of immolation
 m - a scroll of poison {unknown}
 n - a scroll of enchant weapon {unknown}
 p - 2 scrolls of enchant armour {unknown}
 q - a scroll of vulnerability {unknown}
 s - 2 scrolls of noise {unknown}
 x - a scroll of blinking {unknown}
Potions
 b - a potion of magic
 d - 2 potions of heal wounds
 e - 6 potions of curing
 u - a potion of might
 z - a potion of mutation


   Skills:
 - Level 5.0 Fighting
 - Level 3.0 Dodging
 - Level 2.0 Stealth
 - Level 3.0 Spellcasting
 + Level 4.4 Conjurations
 - Level 5.0 Fire Magic


You had 9 spell levels left.
You knew the following spells:

 Your Spells              Type           Power      Damage    Failure   Level
a - Foxfire               Conj/Fire      76%        2x1d7     2%          1
b - Scorch                Fire           40%        2d7       3%          2

Your spell library contained the following spells:

 Spells                   Type           Power      Damage    Failure   Level
 Sandblast                Erth           4%         2d4       16%         1
 Inner Flame              Hex/Fire       11%        N/A       17%         3
 Stone Arrow              Conj/Erth      20%        3d8       21%         3
 Blink                    Tloc           4%         N/A       24%         2
 Passwall                 Tmut/Erth      1%         N/A       24%         2
 Flame Wave               Conj/Fire      19%        2d7       24%         4
 Kindle Blastsparks       Fire/Tloc/Air  16%        2d11      26%         3
 Manifold Assault         Tloc           2%         N/A       85%         4
 Storm Form               Tmut/Air       1%         N/A       100%        7


Dungeon Overview and Level Annotations

Branches:
Dungeon (5/15)
 Temple: D:4-7

Altars:

Annotations:
D:2 1 runed translucent door, Crazy Yiuf
D:3 3 runed translucent doors, exclusion: 3 doors, pigah's ghost, amateur OpWn
D:5 Dowan; Duvessa; Pikel


Innate Abilities, Weirdness & Mutations

You are partially covered in slimy green scales. (AC +2)
Your demonic aura sometimes causes spilled blood to erupt in flames.
You have a small tail.


Message History

The foxfire hits Pikel but does no damage.
Pikel is lightly wounded.
Flames lash Pikel.
Pikel resists.
Pikel is moderately wounded.
Pikel's fire resistance burns away.
You hit Pikel but do no damage.
Pikel is moderately wounded.
A lemure comes into view.
Pikel hits you with a +1 whip of flaming!
Pikel burns you.
Flames lash Pikel.
Pikel is heavily wounded.
Pikel hits you with a +1 whip of flaming.
Pikel burns you.
Aiming: Paralyse
Press: ? - help, Shift-Dir - straight line, f - Pikel
Aim: Pikel, wielding a +1 whip of flaming and wearing a +1 robe of fire resistance (heavily wounded, more vulnerable to fire, chance to affect: 49%) Pikel resists with some effort.
The now-empty wand crumbles to dust.
Pikel hits you with a +1 whip of flaming!
Pikel burns you.
Aiming: Iceblast
Press: ? - help, Shift-Dir - straight line, f/p - Pikel
Aim: Pikel, wielding a +1 whip of flaming and wearing a +1 robe of fire resistance (heavily wounded, more vulnerable to fire) That beam is likely to hit you.
Continue anyway?
The mass of ice explodes!
The iceblast engulfs Pikel.
Pikel is heavily wounded.
The iceblast engulfs you!
Pikel hits you with a +1 whip of flaming!
* * * LOW HITPOINT WARNING * * *
Pikel burns you.
* * * LOW HITPOINT WARNING * * *
As you read the scroll of teleportation, it crumbles to dust.
You feel strangely unstable.
Pikel hits you with a +1 whip of flaming!
* * * LOW HITPOINT WARNING * * *
Pikel burns you.
* * * LOW HITPOINT WARNING * * *
The adder bites you but does no damage. The adder bites you.
You die...

..)..#.............##....#...###
##.#####.#............##......#
##.# #.#.###.#.....###.#.##.###
...#####.#.# #.#.....##....##....
...5..5....# #.........)#.######.
##.##.....######.....###..# ##
##.#####..........5.#....####
....# #.#######SK..........#
....####.## #...@#.########.#
.#.#.##.5.###.##.#........#.#####
.K...5..#..##.##.########.#......
#.#.#...##.#.....#........#.#####
......####5#.##..#.########.#
.#.#.#.# #...###.#........#.#
.......# #..###..########.#.#
#.#.#.#. #..K5...#........#.#
.... ..########..#.########.#


You could see Pikel (combustible), a lemure and an adder.

Vanquished Creatures
  Grinder (D:5)
  Menkaure (D:4)
  2 ogres (D:4)
  3 lemures (D:5)
  2 scorpions (D:5)
  A hound (D:5)
  2 orc priests (D:4)
  3 iguanas (D:4)
  4 gnolls (D:5)
  5 adders
  A white imp (D:5)
  A worm (D:2)
  A dart slug (D:1)
  11 orcs
  8 endoplasms
  7 giant cockroaches
  7 goblins
  2 hobgoblins
  4 jackals (D:2)
  5 kobolds
  2 quokkas (D:2)
  8 ball pythons
  4 bats
  5 frilled lizards
  9 rats
99 creatures vanquished.

Vanquished Creatures (others)
  160 foxfires
  2 fungi (D:3)
  2 plants (D:3)
164 creatures vanquished.

Grand Total: 263 creatures vanquished

Notes
Turn   | Place    | Note
-------+----------+-------------------------------------------
     0 | D:1      | themarg the Demonspawn Fire Elementalist began the quest
                  | for the Orb.
     0 | D:1      | Reached XP level 1. HP: 13/13 MP: 3/3
   268 | D:1      | Gained mutation: You have a small tail. [demonic ancestry]
   268 | D:1      | Reached XP level 2. HP: 4/19 MP: 0/5
   785 | D:1      | Learned a level 2 spell: Scorch
  1132 | D:1      | Reached XP level 3. HP: 24/24 MP: 1/6
  2455 | D:2      | Gained mutation: Your demonic aura sometimes causes spilled
                  | blood to erupt in flames. [demonic ancestry]
  2455 | D:2      | Reached XP level 4. HP: 22/30 MP: 0/7
  2611 | D:2      | Found a runed translucent door.
  2612 | D:2      | Noticed Crazy Yiuf
  3640 | D:3      | Found a runed translucent gate.
  3640 | D:3      | Found a runed translucent gate.
  3641 | D:3      | Found a runed translucent gate.
  3641 | D:3      | Noticed pigah's ghost (amateur OpWn)
  3642 | D:3      | Noticed a kobold brigand
  4020 | D:4      | Reached XP level 5. HP: 35/35 MP: 1/9
  4369 | D:4      | Noticed an ogre
  4394 | D:4      | Killed an ogre
  4395 | D:4      | Reached skill level 5 in Fire Magic
  4395 | D:4      | Reached skill level 1 in Fighting
  4651 | D:4      | Reached XP level 6. HP: 44/44 MP: 2/10
  4958 | D:4      | Noticed Menkaure
  4964 | D:4      | Killed Menkaure
  5222 | D:5      | Entered Level 5 of the Dungeon
  5253 | D:5      | Noticed Grinder
  5254 | D:5      | Paralysed by Grinder for 2 turns
  5274 | D:4      | Gained mutation: You are partially covered in slimy green
                  | scales. (AC +2) [demonic ancestry]
  5274 | D:4      | Reached XP level 7. HP: 18/55 MP: 2/11
  5405 | D:5      | Killed Grinder
  5406 | D:5      | Reached skill level 5 in Fighting
  5647 | D:5      | Noticed Dowan
  5919 | D:5      | Noticed Duvessa
  6443 | D:5      | Noticed Pikel
  6616 | D:5      | Slain by an adder

Illustrated notes

Levels and vault maps discovered:
D:1:      psy_arrival_terrarium, layout_basic, serial_aquarium,
          aquarium_bridge_straight [aquarium_subvault_bridge,
          aquarium_subvault_window, aquarium_subvault_bridge,
          aquarium_subvault_balcony], aquarium_window_2, aquarium_window_fake,
          aquarium_view_2f, aquarium_balcony_3a, aquarium_pool_side,
          serial_park_tiny_1
D:2:      layout_loops_ring, uniq_crazy_yiuf_cottage
D:3:      layout_loops_ring, gammafunk_ghost_nasty_kobolds
D:4:      layout_cave_pools, grunt_decor_fettered, uniq_menkaure
D:5:      layout_rooms, kennysheep_crisscross, minivault_27, hex_medium,
          minmay_lizard_king, uniq_duvessa, uniq_grinder, uniq_pikel

Skill      XL: |  1  2  3  4  5  6  7 |
---------------+----------------------+-----
Stealth        | 2 |  2.0
Fire Magic     | 3 4 5 |  5.0
Spellcasting   | 3 |  3.0
Fighting       | 1 4 5 |  5.0
Dodging        | 2 3 |  3.0
Conjurations   | 4 |  4.4

Action                     |  1- 3 |  4- 6 |  7- 9 || total
---------------------------+-------+-------+-------++-------
  Melee: Dagger            |    50 |    19 |     5 ||    74
         Tailslap          |     7 |     4 |     1 ||    12
         Punch             |     1 |     1 |       ||     2
   Cast: Foxfire           |    42 |    39 |    16 ||    97
         Scorch            |    31 |    42 |    35 ||   108
  Evoke: Wand              |       |     2 |     2 ||     4
    Use: Scroll            |       |     5 |     2 ||     7
   Stab: Paralysed         |       |     3 |       ||     3
 Armour: Robe              |     9 |     4 |     3 ||    16
  Dodge: Dodged            |    39 |    24 |     3 ||    66

Table legend: (Time is in decaauts)
 A = Elapsed time spent in this place.
 B = Non-inter-level travel time spent in this place.
 C = Inter-level travel time spent in this place.
 D = Time resting spent in this place.
 E = Time spent auto-exploring this place.
 F = Levels seen in this place.
 G = Mean time per level.
                   A        B        C        D        E       F      G
               +--------+--------+--------+--------+--------+-----+--------+
         Total |   6621 |   6357 |    264 |   1793 |   3705 |   5 | 1324.2 |
       Dungeon |   6621 |   6357 |    264 |   1793 |   3705 |   5 | 1324.2 |
               +--------+--------+--------+--------+--------+-----+--------+

Top non-repeatable levels by time:
     D:1: 1616 daAuts
     D:4: 1361 daAuts
     D:3: 1333 daAuts
     D:2: 1186 daAuts
     D:5: 1123 daAuts
